Map: Apotheosis LE

Players

djrodimus - Winner!

  • Race: Protoss Protoss
  • League: Gold
  • Spawn Location: 5:00

Fropez

  • Race: Protoss Protoss
  • League: Gold
  • Spawn Location: 11:00

VOD

Have the link to the VOD?

Description

Time

  • Played on: Nov. 15, 2016, 12:41 p.m.
  • Length: 2:58
Show
View Real Time Build Order
Export as new Build Order

djrodimus Protoss - Winner!

Build Orders:  

Get SALT Encoding   

  12  0:05  Probe (Chrono Boost)  
  13  0:16  Probe (Chrono Boost)  
  14  0:26  Probe (Chrono Boost)  
  15  0:31  Pylon  
  15  0:49  Probe (Chrono Boost)  
  16  0:57  Forge  
  16  1:00  Probe (Chrono Boost)  
  16  1:01  Gateway  
  17  1:12  Probe (Chrono Boost)  
  18  1:24  Pylon  
  18  1:46  Pylon  
  18  2:06  Photon Cannon  
  18  2:07  Photon Cannon  
  18  2:11  Photon Cannon  
  18  2:17  Pylon  
  18  2:20  Pylon  
  18  2:38  Photon Cannon  
  17  2:51  Photon Cannon  
  17  2:53  Photon Cannon  
Show
View Real Time Build Order
Export as new Build Order

Fropez Protoss 

Build Orders: 1 Gate Expand 

Get SALT Encoding   

  12  0:01  Probe (Chrono Boost)  
  13  0:13  Probe (Chrono Boost)  
  14  0:21  Pylon  
  14  0:24  Probe (Chrono Boost)  
  15  0:39  Probe (Chrono Boost)  
  15  0:40  Gateway  
  16  0:49  Probe (Chrono Boost)  
  18  1:18  Nexus  
  18  1:23  Assimilator  
  18  1:30  Cybernetics Core  
  18  1:32  Probe (Chrono Boost)  
  18  1:42  Probe (Chrono Boost)  
  19  1:53  Probe (Chrono Boost)  
  20  2:03  Probe (Chrono Boost)  
  20  2:06  Adept (Chrono Boost)  
  23  2:10  Assimilator  
  23  2:25  Pylon  
  23  2:27  Pylon  
  23  2:30  Forge  
Tags
 
League
GoldGold
Matchup
PvP
Replay Pack
All Mines
Spawn Locations
Cross Positions
Add a new tag
Caveats
  • Supply blocks, unpowered buildings, or Contaminate may cause inaccurate times.
  • Supply counts are checked every 10 seconds.